 Dungeon Crawl Stone Soup version 0.30.0-29-ga12c61a403 (webtiles) character file.

Game seed: 10415704531610007755

11 LustLizard the Insei (level 2, 0/23 HPs)
             Began as a Demigod Transmuter on June 24, 2023.
             Slain by a jackal (3 damage)
             ... on level 1 of the Dungeon.
             The game lasted 00:00:35 (163 turns).

LustLizard the Insei (Demigod Transmuter)            Turns: 163, Time: 00:00:36

Health: 0/23       AC:  2    Str: 11    XL:     2   Next: 6%
Magic:  5/7        EV: 12    Int: 15    God:
Gold:   16         SH:  0    Dex: 14    Spells: 3/4 levels left

rFire   . .          .
                       - Unarmed
rCold   . . .        (no shield)
rNeg    . . .        a - +0 robe
rPois   .            (helmet currently unavailable)
rElec   .            (no cloak)
rCorr   .            (no gloves)
SInv    .            (boots currently unavailable)
Will    .....        (no amulet)
Stlth   +            (no ring)
HPRegen 0.23/turn    (no ring)
MPRegen 0.10/turn

%: no passive effects
@: appendages
A: horns 2, talons 2, high MP 1, forlorn, divine attributes
a: End Transformation


You were on level 1 of the Dungeon.
You had temporarily grown beastly horns and talons.
You visited 1 branch of the dungeon, and saw 1 of its levels.

You collected 16 gold pieces.

Inventory:

Armour
 a - a +0 robe (worn)
Potions
 b - a potion of lignification
 c - a potion of might {unknown}


   Skills:
 + Level 1.2 Fighting
 - Level 1.7 Dodging
 * Level 3.0 Unarmed Combat
 - Level 1.7 Spellcasting
 + Level 2.0 Transmutations


You had 3 spell levels left.
You knew the following spells:

 Your Spells              Type           Power      Damage    Failure   Level
a - Beastly Appendage     Tmut           14%        N/A       10%         1

Your spell library contained the following spells:

 Spells                   Type           Power      Damage    Failure   Level
 Wereblood                Tmut           7%         N/A       16%         2
 Spider Form              Tmut/Pois      4%         N/A       41%         3
 Ice Form                 Ice/Tmut       4%         N/A       83%         4


Dungeon Overview and Level Annotations

Branches:
Dungeon (1/15)


Innate Abilities, Weirdness & Mutations

You have temporarily grown beastly horns and talons.
You have an increased reservoir of magic. (+10% MP)
You shall have no god before yourself.
Your divine heritage dramatically boosts your attributes as you level up.


Message History

The jackal barely misses you. x2; The goblin hits you but does no damage.
You hit the goblin. Your kick misses the goblin.
The goblin is heavily wounded.
The jackal bites you. The jackal barely misses you.
The goblin barely misses you. The jackal bites you.
The jackal completely misses you.
You closely miss the goblin. You headbutt the goblin.
You kill the goblin!
The jackal bites you but does no damage.
The jackal bites you.
You have reached level 2!
You closely miss the jackal. Your kick misses the jackal.
Your headbutt misses the jackal.
The jackal bites you but does no damage.
The jackal barely misses you.
You hit the jackal. Your kick misses the jackal.
The jackal is heavily wounded.
The jackal closely misses you. The jackal misses you. x2
The jackal barely misses you.
You hit the jackal but do no damage. You claw the jackal.
You kill the jackal!
The jackal bites you.
* * * LOW HITPOINT WARNING * * *
You closely miss the jackal.
Your horns disappear.
Your talons disappear.
The jackal barely misses you.
You hit the jackal.
The jackal is moderately wounded.
The jackal bites you.
* * * LOW HITPOINT WARNING * * *
The jackal bites you.
* * * LOW HITPOINT WARNING * * *
You hit the jackal.
The jackal is heavily wounded.
The jackal misses you.
Casting: Beastly Appendage (safe; 10% risk of failure)
Confirm with . or Enter, or press ? or * to list all spells.
You grow a pair of large bovine horns.
Your feet morph into talons.
The jackal bites you.
You die...

#..........# #.
#..... #..........#
..# #....
###........# #..#
#..$. #.........
..##... ####......
...... ##......
#...# #....... #.).#
#..)#### #.h@#
#...####
#...#########.......
#...................
##..................
###...............)
##########....†..
####.... #.... #####


You could see a jackal.

Vanquished Creatures
  An endoplasm (D:1)
  2 goblins (D:1)
  A hobgoblin (D:1)
  A jackal (D:1)
  2 kobolds (D:1)
  2 ball pythons (D:1)
  A rat (D:1)
10 creatures vanquished.

Notes
Turn   | Place    | Note
-------+----------+-------------------------------------------
     0 | D:1      | LustLizard the Demigod Transmuter began the quest for the
                  | Orb.
     0 | D:1      | Reached XP level 1. HP: 15/15 MP: 5/5
    45 | D:1      | Reached skill level 1 in Fighting
    58 | D:1      | Reached skill level 3 in Unarmed Combat
   157 | D:1      | Reached XP level 2. HP: 7/23 MP: 5/7
   163 | D:1      | Slain by a jackal

Illustrated notes

Levels and vault maps discovered:
D:1:      heliophobic_arrival_battle_scene, layout_basic

Skill      XL: |  1 |
---------------+----+-----
Fighting       | 1 |  1.2
Unarmed Combat | 3 |  3.0
Transmutations | 2 |  2.0
Dodging        | |  1.7
Spellcasting   | |  1.7

Action                     || total
---------------------------++-------
  Melee: Unarmed           ||    23
         Kick              ||     5
         Headbutt          ||     3
   Cast: Beastly Appendage ||     5
 Armour: Robe              ||     8
  Dodge: Dodged            ||    22
